AoeStats
← Ken

Arabia

506632974Analyzed
1v1 RM · 18d ago on Sep 14, 2026· 54m 12s· 2 players
Game mode
Random Map
Map size
Tiny (2 player)
Population
200
Speed
Normal
Resources
Standard
Victory
Conquest
Starting age
Dark Age
Ending age
Imperial Age
RankedLock teamsTeams togetherTeam positionsShared explorationLock speedFull tech treeHidden civsTurbo modeCheats
Victory
Defeat
🇵🇪 Gurjaras · Peru
1042
+14
🇨🇳 Britons · China
1007
-14
Ken
10:55 Feudal Age
16:31 Castle Age
14:46 Horse Collar
17:22 Loom
19:57 Scale Barding Armor
25:27 Double-Bit Axe
27:41 Bow Saw
34:09 Imperial Age
32:33 Wheelbarrow
32:17 Gold Mining
32:31 Scale Mail Armor
32:22 Fletching
33:28 Heavy Plow
34:34 Treadmill Crane
35:15 Ballistics
34:51 Murder Holes
35:13 Forging
35:04 Padded Archer Armor
35:21 Husbandry
36:01 Conscription
35:57 Chain Mail Armor
35:38 Bodkin Arrow
35:50 Squires
36:55 Yeomen
38:26 Chemistry
37:00 Light Cavalry
37:35 Pikeman
41:13 Halberdier
42:58 Cavalier
46:07 Hand Cart
47:04 Plate Mail Armor
47:10 Iron Casting
46:24 Town Watch
51:37 Town Patrol
52:57 Warwolf
DanoDMonkey
2:35 Loom
9:36 Feudal Age
10:40 Double-Bit Axe
17:05 Castle Age
15:26 Horse Collar
16:41 Scale Barding Armor
17:14 Fletching
17:09 Elite Skirmisher
19:15 Bow Saw
21:53 Gold Mining
24:30 Bloodlines
25:54 Husbandry
26:40 Wheelbarrow
28:03 Forging
27:51 Bodkin Arrow
29:45 Ballistics
33:45 Imperial Age
31:35 Padded Archer Armor
32:30 Thumb Ring
33:24 Leather Archer Armor
33:27 Murder Holes
33:15 Light Cavalry
34:18 Hand Cart
36:12 Chemistry
35:38 Conscription
36:31 Stone Mining
36:42 Elite Shrivamsha Rider
37:33 Bracer
39:47 Kshatriyas
40:14 Hussar
45:08 Frontier Guards
45:48 Iron Casting
44:37 Heavy Camel Rider
49:33 Chain Barding Armor
52:56 Town Watch
Connection lost

Rejoining the realm…

Still unreachable

The connection could not be restored.

Session expired

The server has moved on; the page needs a fresh start.